 Dungeon Crawl Stone Soup version 0.28-a0-1128-gb845255321 (webtiles) character file.

Game seed: 8540249508869917312

2688 Peloso the Carver (level 9, -7/79 HPs)
             Began as a Minotaur Fighter on Dec 12, 2021.
             Was a Priest of Okawaru.
             Succumbed to a scorpion's poison
             ... on level 6 of the Dungeon.
             The game lasted 00:19:51 (5736 turns).

Peloso the Carver (Minotaur Fighter)                Turns: 5736, Time: 00:19:54

Health: -7/79      AC: 15    Str: 24    XL:     9   Next: 38%
Magic:  8/8        EV:  9    Int:  5    God:    Okawaru [***...]
Gold:   115        SH:  5    Dex: 11    Spells: 8/8 levels left

rFire   . . .      SeeInvis .   a - +1 falchion (vamp)
rCold   . . .      Faith    .   c - +0 buckler
rNeg    . . .      Spirit   .   E - +0 chain mail
rPois   .          Reflect  .   (helmet restricted)
rElec   .          Harm     .   (no cloak)
rCorr   .          Rampage  .   s - +0 pair of gloves
Will    .....                   r - +1 pair of boots
Stlth   ..........              C - amulet of regeneration
HPRegen 1.03/turn               (no ring)
MPRegen 0.11/turn               (no ring)

@: lethally poisoned (-7 -> -25), marked
A: horns 2, retaliatory headbutt
a: Renounce Religion, Heroism


You were on level 6 of the Dungeon.
You worshipped Okawaru.
Okawaru was most pleased with you.
You visited 1 branch of the dungeon, and saw 7 of its levels.
You also visited: Ossuary.

You collected 225 gold pieces.
You spent 110 gold pieces at shops.

Inventory:

Hand Weapons
 a - a +1 vampiric falchion (weapon)
Missiles
 F - a throwing net (quivered)
Armour
 b - a +0 scale mail
 c - a +0 buckler (worn)
 r - a +1 pair of boots (worn)
 s - a +0 pair of gloves (worn)
 E - a +0 chain mail (worn)
Jewellery
 B - the ring "Gusec" {rC+ rN+ Str+6 Dex-5 Slay+3}
   (You bought it in a shop on level 4 of the Dungeon)

   [ring of strength]

   Str:       It affects your strength (+6).
   Dex:       It affects your dexterity (-5).
   Slay:      It affects your accuracy & damage with ranged weapons and melee
   (+3).
   rC:        It protects you from cold.
   rN:        It protects you from negative energy.
 C - an amulet of regeneration (around neck)
 D - a ring of fire
 J - a ring of willpower
Wands
 A - a wand of paralysis (13)
Scrolls
 d - a scroll of identify
 g - 2 scrolls of fog
 q - a scroll of blinking
 v - 2 scrolls of enchant weapon
 w - a scroll of teleportation {unknown}
 x - a scroll of enchant armour
 y - a scroll of magic mapping
 z - a scroll of summoning {unknown}
 H - a scroll of holy word {unknown}
Potions
 e - 3 potions of invisibility {unknown}
 f - 3 potions of cancellation {unknown}
 h - 2 potions of flight {unknown}
 i - 2 potions of brilliance {unknown}
 j - 2 potions of berserk rage {unknown}
 k - 3 potions of lignification {unknown}
 l - 3 potions of heal wounds
 m - 2 potions of attraction {unknown}
 n - 2 potions of degeneration {unknown}
 o - 2 potions of mutation {unknown}
 p - 2 potions of haste {unknown}
 u - 4 potions of curing {unknown}
 G - a potion of might
 I - a potion of magic {unknown}


   Skills:
 + Level 7.4 Fighting
 + Level 10.1 Long Blades
 + Level 9.1 Armour
 + Level 2.8 Dodging
 + Level 0.4 Stealth
 + Level 5.5 Shields


You had 8 spell levels left.
You didn't know any spells.
Your spell library contained the following spells:

 Spells                   Type           Power      Damage    Failure   Level
 Freeze                   Ice            0%         1d3       96%         1
 Shock                    Conj/Air       0%         1d3       96%         1
 Frozen Ramparts          Ice            0%         1d2       100%        3
 Swiftness                Air            0%         N/A       100%        3
 Airstrike                Air            0%         N/A       100%        4
 Hailstorm                Conj/Ice       0%         3d3       100%        4


Dungeon Overview and Level Annotations

Branches:
Dungeon (7/15)             Temple (0/1) D:6         Ossuary (visited)

Altars:
Dithmenos
Makhleb
Okawaru
Ru
Sif Muna
The Shining One

Shops:
D:4 *

Annotations:
D:7 Harold


Innate Abilities, Weirdness & Mutations

You have a pair of horns on your head.
You reflexively headbutt those who attack you in melee.


Message History

Harold hits you with a +1 trident of venom!
You are more poisoned.
You hit Harold but do no damage. You headbutt Harold!
Harold is lightly wounded.
You feel extremely sick.
You slash Harold!
You feel better.
Harold is moderately wounded.
You feel extremely sick.
Harold hits you with a +1 trident of venom!!
* * * LOW HITPOINT WARNING * * *
A scorpion comes into view.
Unknown command.
Okay, then.
Blink to where?
Press: ? - help, Dir - move target
As you read the scroll of blinking, it crumbles to dust.
* * * LOW HITPOINT WARNING * * *
You feel extremely sick.
It was a potion of heal wounds.
You feel much better.
You feel very sick.
You feel very sick. The scorpion stings you.
* * * LOW HITPOINT WARNING * * *
You feel very sick.
The scorpion stings you but does no damage.
You feel sick.
You feel very sick. The scorpion stings you.
* * * LOW HITPOINT WARNING * * *
You are lethally poisoned!
The scorpion poisons you!
There is a stone staircase leading up here.
* * * LOW HITPOINT WARNING * * *
You feel very sick. You block the scorpion's attack. The scorpion stings you.
* * * LOW HITPOINT WARNING * * *
You are more poisoned.
The scorpion poisons you!
You climb upwards.
You die...

########..##.####.####..#####
.######...........#.........#
.....##.#.#.#...............#
.....##..........##.........#
.....#..#.#.#........>.##########
....##.................###...⌠...
###..#..#.#.#..........##........
###..............s.....##..⌠.>.⌠.
##........###..#@................
...........#.<##.............⌠...
...######....................####
.### ###.....##..........#### ##
###...#.#.##.......#### #
#...###.#..#.##.###### #####...#
#.)#.......)...# #.....###
##)##..........# ..##..#
#.[[..........#


You could see a scorpion.

Vanquished Creatures
  Pikel (D:7)
  An ice beast (D:5)
  A sky beast (D:5)
  A black bear (D:5)
  A necrophage (D:4)
  6 ogres
  A lemure (D:7)
  A wyvern zombie (D:6)
  A bullfrog (D:7)
  A gnoll sergeant (D:5)
  3 scorpions
  6 wights
  A centaur zombie (D:6)
  2 orc priests
  A bullfrog skeleton (D:6)
  2 jellies (D:5)
  7 orc wizards
  2 hound skeletons (D:4)
  12 mummies (Ossuary)
  7 gnolls
  A howler monkey skeleton (D:6)
  4 adders
  A white imp (D:6)
  An ufetubus (D:3)
  An adder zombie (D:5)
  A worm (D:2)
  2 dart slugs
  25 orcs
  4 bats
  4 endoplasms
  2 giant cockroaches (D:2)
  8 goblins
  10 hobgoblins
  3 jackals (D:3)
  5 ball pythons
  5 frilled lizards
  4 goblin skeletons (Ossuary)
  8 kobolds
  2 kobold skeletons (Ossuary)
  2 orc skeletons (Ossuary)
  4 rats
  11 rat skeletons (Ossuary)
166 creatures vanquished.

Notes
Turn   | Place    | Note
-------+----------+-------------------------------------------
     0 | D:1      | Peloso the Minotaur Fighter began the quest for the Orb.
     0 | D:1      | Reached XP level 1. HP: 19/19 MP: 0/0
   244 | D:1      | Found a faded altar of an unknown god.
   277 | D:1      | Reached XP level 2. HP: 25/27 MP: 1/1
   990 | D:2      | Reached skill level 3 in Long Blades
   990 | D:2      | Reached XP level 3. HP: 32/33 MP: 2/2
  1081 | D:2      | Noticed an ogre
  1087 | D:2      | Killed an ogre
  1088 | D:2      | Reached skill level 4 in Long Blades
  1088 | D:2      | Reached XP level 4. HP: 7/40 MP: 3/3
  1733 | D:3      | Reached XP level 5. HP: 45/46 MP: 4/4
  1828 | D:3      | Reached skill level 5 in Armour
  2378 | D:4      | Noticed an ogre
  2395 | D:4      | Killed an ogre
  2396 | D:4      | Reached skill level 5 in Long Blades
  2396 | D:4      | Reached XP level 6. HP: 22/53 MP: 5/5
  2642 | D:4      | Found a sand-covered staircase.
  2832 | Ossuary  | Entered an ossuary
  3118 | Ossuary  | Reached skill level 1 in Dodging
  3223 | Ossuary  | Reached XP level 7. HP: 51/60 MP: 6/6
  3380 | Ossuary  | Reached skill level 5 in Fighting
  3451 | D:4      | Identified the +7 war axe "Gram" {spect, Int+2}
  3564 | D:4      | Found a sacrificial altar of Ru.
  3592 | D:4      | Found Amam Xut's Assorted Antiques.
  3607 | D:4      | Reached skill level 6 in Long Blades
  3659 | D:4      | Bought a vibrating lead ring for 110 gold pieces
  3659 | D:4      | Identified the ring "Gusec" {rC+ rN+ Str+6 Dex-5 Slay+3}
                  | (You bought it in a shop on level 4 of the Dungeon)
  3853 | D:4      | Found a burning altar of Makhleb.
  3925 | D:4      | Found an iron altar of Okawaru.
  3926 | D:4      | Found a glowing golden altar of the Shining One.
  3933 | D:4      | Became a worshipper of Warmaster Okawaru
  3963 | D:5      | Entered Level 5 of the Dungeon
  4000 | D:5      | Found a shadowy altar of Dithmenos.
  4060 | D:5      | Reached skill level 7 in Long Blades
  4326 | D:5      | Reached XP level 8. HP: 60/70 MP: 7/7
  4433 | D:5      | Reached * piety under Okawaru
  4660 | D:5      | Found a shimmering blue altar of Sif Muna.
  4857 | D:5      | Reached skill level 8 in Long Blades
  5029 | D:6      | Reached skill level 5 in Shields
  5260 | D:6      | Reached skill level 9 in Long Blades
  5287 | D:6      | Reached ** piety under Okawaru
  5347 | D:6      | Found a staircase to the Ecumenical Temple.
  5603 | D:7      | Reached XP level 9. HP: 57/78 MP: 8/8
  5623 | D:7      | Noticed a six-headed hydra
  5695 | D:7      | Noticed Pikel
  5704 | D:7      | Noticed Harold
  5711 | D:7      | Killed Pikel
  5711 | D:7      | Reached *** piety under Okawaru
  5712 | D:7      | Reached skill level 10 in Long Blades
  5729 | D:7      | HP: 1/79 [poisoned by Harold]
  5735 | D:7      | HP: 1/79 [scorpion (6)]
  5736 | D:6      | Succumbed to a scorpion's poison

Illustrated notes

Levels and vault maps discovered:
D:1:      dpeg_arrival_boxes_within_box, layout_rooms,
          shapermc_ecumenical_altar_mp_highgroup, nrook_mini_vaults,
          grunt_decor_clamped
D:2:      layout_loops_cross
D:3:      minmay_recursive_quarters, layout_basic, supply_closet_lemuel
D:4:      wander_river, layout_cave_pools, nicolae_ru_awakened_eye,
          makhleb_blood_cavern_becter, gammafunk_temple_overflow_pools,
          enter_ossuary_2, serial_shops, shop_fountains
D:5:      layout_gridville, mainiacjoe_overflow_alcove_4, lemuel_tele_altar,
          hangedman_decor_opposing, chequers_serial_rivers_small_3
D:6:      layout_rooms, temple_fountains, serial_glass, glass_columns_b,
          glass_columns_b
D:7:      hangedman_cross_stitches, layout_basic, nemelex_spade_bored_becter,
          uniq_crazy_yiuf_cottage, uniq_harold, uniq_pikel

Skill      XL: |  1  2  3  4  5  6  7  8  9 |
---------------+----------------------------+-----
Armour         | 4 5 6 7 8 9 |  9.1
Long Blades    | 3 4 5 7 9 10 | 10.1
Shields        | 4 5 |  5.5
Fighting       | 4 5 6 7 |  7.4
Dodging        | 1 2 |  2.8
Stealth        | |  0.4

Action                   |  1- 3 |  4- 6 |  7- 9 || total
-------------------------+-------+-------+-------++-------
Melee: Long sword        |    51 |   107 |       ||   158
       Headbutt          |     9 |    38 |    58 ||   105
       Falchion          |       |    65 |   260 ||   325
Invok: Heroism           |       |       |     1 ||     1
  Use: Potion            |     1 |     1 |     1 ||     3
       Scroll            |       |     5 |     4 ||     9
Armor: Scale mail        |    25 |    81 |    46 ||   152
       Chain mail        |       |       |    90 ||    90
Dodge: Dodged            |    22 |    64 |   125 ||   211
Block: Buckler           |    13 |    30 |    56 ||    99

Table legend: (Time is in decaauts)
 A = Elapsed time spent in this place.
 B = Non-inter-level travel time spent in this place.
 C = Inter-level travel time spent in this place.
 D = Time resting spent in this place.
 E = Time spent auto-exploring this place.
 F = Levels seen in this place.
 G = Mean time per level.
                   A        B        C        D        E       F      G
               +--------+--------+--------+--------+--------+-----+--------+
         Total |   5752 |   5633 |    119 |    141 |   4029 |   8 |  719.0 |
       Dungeon |   5156 |   5037 |    119 |    141 |   3653 |   7 |  736.6 |
       Ossuary |    596 |    596 |      0 |      0 |    376 |   1 |  596.0 |
               +--------+--------+--------+--------+--------+-----+--------+

Top non-repeatable levels by time:
     D:5: 1022 daAuts
     D:4: 999 daAuts
     D:2: 975 daAuts
     D:3: 760 daAuts
     D:1: 668 daAuts
 Ossuary: 596 daAuts
     D:6: 522 daAuts
     D:7: 207 daAuts
